 Dungeon Crawl Stone Soup version 0.24.0-13-gcf9b319 (webtiles) character file.

Game seed: 12632581189385977739, levelgen mode: deterministic

51 Afromullet the Skirmisher (level 3, -1/34 HPs)
             Began as a Minotaur Berserker on Feb 7, 2020.
             Was a Follower of Trog.
             Slain by a kobold
             ... wielding a +0 spear
              (2 damage)
             ... on level 2 of the Dungeon.
             The game lasted 00:03:56 (1734 turns).

Afromullet the Skirmisher (Minotaur Berserker)      Turns: 1734, Time: 00:03:56

Health: -1/34      AC:  2    Str: 22    XL:     3   Next: 58%
Magic:  2/2        EV: 12    Int:  9    God:    Trog [*.....]
Gold:   85         SH:  0    Dex:  9    Spells: 2/2 levels left

rFire    . . .     SeeInvis .   g - -2 hunting sling (curse)
rCold    . . .     Gourm    .   (no shield)
rNeg     . . .     Faith    .   b - +0 animal skin
rPois    .         Spirit   .   (helmet restricted)
rElec    .         Reflect  .   (no cloak)
rCorr    .         Harm     .   (no gloves)
MR       .....                  (no boots)
Stlth    +.........             (no amulet)
HPRegen  0.11/turn              (no ring)
MPRegen  0.08/turn              (no ring)

@: brilliant
A: retaliatory headbutt, horns 2
a: Berserk, Renounce Religion


You were on level 2 of the Dungeon.
You worshipped Trog.
Trog was aware of your devotion.
You were not hungry.

You visited 1 branch of the dungeon, and saw 2 of its levels.

You collected 85 gold pieces.

Inventory:

Hand Weapons
 a - a +0 mace
 g - a cursed -2 hunting sling (weapon)
Missiles
 d - 78 stones (quivered)
 h - 35 bolts
Armour
 b - a +0 animal skin (worn)
Scrolls
 i - a scroll of teleportation
Potions
 e - 3 potions of flight
Comestibles
 c - 6 rations
 f - 5 chunks of flesh


   Skills:
 * Level 4.4 Fighting
 * Level 4.3 Maces & Flails
 * Level 3.1 Armour
 + Level 2.5 Dodging


You had 2 spell levels left.
You didn't know any spells.
Your spell library was empty.

Dungeon Overview and Level Annotations

Branches:
Dungeon (2/15)

Altars:


Innate Abilities, Weirdness & Mutations

You reflexively headbutt those who attack you in melee.
You have a pair of horns on your head.


Message History

You shoot a stone. The stone barely misses the kobold.
The kobold hits you from afar with a +0 spear.
* * * LOW HITPOINT WARNING * * *
Firing (i - inventory)
d - 79 stones (quivered)
Press: ? - help, Shift-Dir - straight line, f/p - kobold
Aim: a kobold, wielding a +0 spear (moderately wounded)
You shoot a stone. The stone closely misses the kobold.
The kobold hits you from afar with a +0 spear!
* * * LOW HITPOINT WARNING * * *
The kobold misses you. The kobold misses you.
The kobold hits you but does no damage.
You see here a +0 short sword.
The kobold hits you from afar with a +0 spear.
* * * LOW HITPOINT WARNING * * *
The kobold hits you from afar with a +0 spear.
* * * LOW HITPOINT WARNING * * *
There is a stone staircase leading up here.
The kobold hits you from afar with a +0 spear.
You die...

#############
##.....#.....##
#####.............##
..##...............#
#..............[...#
####.........)K....#
#............@..#
#...............#
##.............##
##.....#.....##
#####.####### #.#
#.# #.# #.#


You could see a kobold.

Vanquished Creatures
  2 adders (D:2)
  2 dart slugs (D:1)
  3 leopard geckos (D:1)
  2 bats
  A giant cockroach (D:1)
  3 goblins
  6 hobgoblins (D:1)
  A frilled lizard (D:1)
  3 kobolds
  A rat (D:1)
24 creatures vanquished.

Notes
Turn   | Place    | Note
-------+----------+-------------------------------------------
     0 | D:1      | Afromullet the Minotaur Berserker began the quest for the
                  | Orb.
     0 | D:1      | Reached XP level 1. HP: 19/19 MP: 0/0
   453 | D:1      | Reached XP level 2. HP: 27/27 MP: 1/1
  1520 | D:2      | Reached XP level 3. HP: 33/33 MP: 2/2
  1714 | D:2      | HP: 1/34 [kobold/+0 spear (8)]
  1730 | D:2      | HP: 1/34 [kobold/+0 spear (1)]
  1734 | D:2      | Slain by a kobold

Levels and vault maps discovered:
D:1:      dpeg_arrival_rhombi, layout_loops_ring
D:2:      layout_rooms, uniq_sigmund

Skill      XL: |  1  2  3 |
---------------+----------+-----
Fighting       | 4 |  4.4
Maces & Flails | 4 |  4.3
Armour         | 3 |  3.1
Dodging        | |  2.5

Action                   || total
-------------------------++-------
Melee: Mace              ||    27
       Headbutt          ||     7
       Hunting sling     ||    14
 Fire: Hunting sling     ||    22
  Use: Scroll            ||     3
       Potion            ||     2
  Eat: Chunk             ||     2
Armor: Animal skin       ||    11
Dodge: Dodged            ||    52
